 Dungeon Crawl Stone Soup version 0.22-a0-305-gd21a89c (webtiles) character file.

83 Amnesiac the Ducker (level 4, -8/22 HPs)
             Began as a Spriggan Gladiator on Mar 29, 2018.
             Killed from afar by Blork the orc (11 damage)
             ... with a puff of frost
             ... on level 4 of the Dungeon.
             The game lasted 00:02:33 (1330 turns).

Amnesiac the Ducker (Spriggan Gladiator)            Turns: 1330, Time: 00:02:34

Health: -8/22      AC:  2    Str: 11    XL:     4   Next: 22%
Magic:  5/5        EV: 20    Int:  9    God:
Gold:   76         SH:  0    Dex: 17    Spells: 3/3 levels left

rFire    . . .     SeeInvis +   a - +0 rapier
rCold    . . .     Gourm    .   (shield restricted)
rNeg     . . .     Faith    .   b - +0 robe
rPois    .         Spirit   .   c - +0 hat
rElec    .         Reflect  .   (no cloak)
rCorr    .         Harm     .   (gloves unavailable)
MR       .....                  (boots unavailable)
Stlth    +++.......             (no amulet)
HPRegen  0.07/turn              (no ring)
MPRegen  0.09/turn              (no ring)

@: very quick
A: very small, unfitting armour, see invisible, herbivore, speed 3, slow
metabolism 2
a: no special abilities


You were on level 4 of the Dungeon.
You were not hungry.

You visited 1 branch of the dungeon, and saw 4 of its levels.

You collected 76 gold pieces.

Inventory:

Hand Weapons
 a - a +0 rapier (weapon)
Missiles
 g - 16 stones (quivered)
 h - 55 sling bullets
Armour
 b - a +0 robe (worn)
 c - a +0 hat (worn)
Jewellery
 n - a +3 ring of intelligence {unknown}
Wands
 m - a wand of flame (21)
Scrolls
 e - 2 scrolls of identify {!r, unknown}
 i - a scroll of random uselessness {!r, unknown}
 l - a scroll of enchant weapon {!r, unknown}
Potions
 j - 2 potions of degeneration {!q, unknown}
 k - 2 potions of mutation {!q, unknown}
Comestibles
 f - 3 rations


   Skills:
 - Level 1.5 Fighting
 * Level 3.3 Short Blades
 + Level 3.8 Throwing
 - Level 4.4 Dodging
 + Level 3.3 Stealth


You had 3 spell levels left.
You didn't know any spells.

Dungeon Overview and Level Annotations

Branches:
Dungeon (4/15)
 Temple: D:4-7

Altars:
Gozag
Nemelex Xobeh
Vehumet
The Shining One

Annotations:
D:4 Blork the orc


Innate Abilities, Weirdness & Mutations

You are very small and have problems with some larger weapons.
You are too small for most types of armour.
You have supernaturally acute eyesight. (SInv)
You are a herbivore.
You cover ground extremely quickly.
You need to consume almost no food.


Message History

You start resting.
Throwing (i - inventory. (/) - cycle)
d - 3 throwing nets (quivered)
Press: ? - help, Shift-Dir - straight line, f - Blork the orc
Aim: Blork the orc, wielding a battleaxe and wearing a robe You throw a throwing net.
The throwing net hits Blork the orc.
Blork the orc is caught in the net!
Blork the orc points at you and mumbles some strange words.
The puff of frost misses you.
Blork the orc struggles against the net.
You see here a jackal corpse.
You hit Blork the orc.
Blork the orc is lightly wounded.
You puncture Blork the orc!
Blork the orc is heavily wounded.
Blork the orc struggles against the net.
You hit Blork the orc.
Blork the orc is heavily wounded.
Blork the orc struggles against the net.
You hit Blork the orc.
Blork the orc is heavily wounded.
Blork the orc drinks a potion.
Blork the orc seems to speed up.
Blork the orc struggles against the net.
The net rips apart, and Blork the orc comes free!
You hit Blork the orc.
Blork the orc is severely wounded.
Blork the orc gestures at you while chanting.
The magic dart hits you!
You barely miss Blork the orc.
Blork the orc is severely wounded.
Blork the orc screams, "I'll crush all your ribs!
One by one!"
Blork the orc hits you with a battleaxe.
* * * LOW HITPOINT WARNING * * *
Throwing (i - inventory. (/) - cycle)
d - 2 throwing nets (quivered)
Press: ? - help, Shift-Dir - straight line, f/p - Blork the orc
Aim: Blork the orc, wielding a battleaxe and wearing a robe (severely wounded, fast)
You throw a throwing net.
The throwing net closely misses Blork the orc.
Blork the orc closely misses you.
Throwing (i - inventory. (/) - cycle)
d - a throwing net (quivered)
Press: ? - help, Shift-Dir - straight line, f/p - Blork the orc
Aim: Blork the orc, wielding a battleaxe and wearing a robe (severely wounded, fast)
You throw a throwing net. The throwing net hits Blork the orc.
Blork the orc is caught in the net!
Blork the orc is severely wounded.
Blork the orc struggles against the net.
You puncture Blork the orc!
Blork the orc is almost dead.
Blork the orc struggles against the net.
Blork the orc points at you and mumbles some strange words.
The magic dart hits you!
* * * LOW HITPOINT WARNING * * *
Blork the orc struggles against the net.
The net rips apart, and Blork the orc comes free!
You hit Blork the orc.
Blork the orc is almost dead.
You barely miss Blork the orc.
Blork the orc is almost dead.
Blork the orc closely misses you.
You hit Blork the orc but do no damage.
Blork the orc is almost dead.
Blork the orc gestures at you while chanting.
The puff of frost hits you!
Ouch! That really hurt!
You die...

#[# #.# #.# #. #.# #.# #.#
#.## #.###.# #.# #..## #.#
......# #.# #... #.# #
#[##### #.# #..# #.#.# #.#
#.# #..# #.#.#
#.#########.###..# #.#.####
#................# #...o...
######.#######..@########†..#
#.# #...o..........# #.#
#...#########..# #.# ##..#
..# #.# ####.># ..# #..
......# ..# ### ......# ..# #
#...#### ..# ## .....## ..#


You could see Blork the orc.

Vanquished Creatures
  A worker ant (D:4)
  A hound skeleton (D:3)
  An adder (D:3)
  2 dart slugs
  A leopard gecko (D:2)
  A ball python (D:1)
  2 goblins (D:3)
  6 hobgoblins
  5 jackals
  2 kobolds (D:3)
  4 bats
  3 frilled lizards
  A leopard gecko skeleton (D:4)
  A rat (D:3)
31 creatures vanquished.

Notes
Turn   | Place    | Note
-------+----------+-------------------------------------------
     0 | D:1      | Amnesiac the Spriggan Gladiator began the quest for the Orb.
     0 | D:1      | Reached XP level 1. HP: 10/10 MP: 2/2
   112 | D:1      | Found a glowing golden altar of the Shining One.
   137 | D:1      | Reached skill level 1 in Stealth
   314 | D:1      | Reached XP level 2. HP: 9/14 MP: 3/3
   565 | D:2      | Found an opulent altar of Gozag.
   565 | D:2      | Found a radiant altar of Vehumet.
   827 | D:2      | Found a sparkling altar of Nemelex Xobeh.
   941 | D:3      | Reached XP level 3. HP: 16/18 MP: 4/4
  1183 | D:4      | Reached XP level 4. HP: 22/22 MP: 5/5
  1249 | D:4      | Noticed a slave
  1301 | D:4      | Noticed Blork the orc
  1330 | D:4      | Killed from afar by Blork the orc

Vault maps used:
D:1:      elethiomel_arrival_shortcut, tso_metal_star
D:2:      nemelex_xobeh_ov_fountains_minmay, gammafunk_temple_overflow_pools,
          minmay_liquid_box, minmay_joined_circles
D:3:      minmay_door_path, first_ration
D:4:      lemuel_zombie_altar_yredelemnul, uniq_pikel, uniq_purgy,
          uniq_blork_the_orc

Skill      XL: |  1  2  3 |
---------------+----------+-----
Stealth        | 1 3 |  3.3
Throwing       | 3 |  3.8
Fighting       | |  1.5
Short Blades   | |  3.3
Dodging        | |  4.4

Action                   |  1- 3 |  4- 6 || total
-------------------------+-------+-------++-------
Melee: Rapier            |    69 |    21 ||    90
Throw: Throwing net      |     3 |     3 ||     6
 Stab: Sleeping          |     9 |     2 ||    11
       Held in net/web   |     1 |       ||     1
Armor: Robe              |     2 |     1 ||     3
Dodge: Dodged            |    51 |    12 ||    63

Table legend:
 A = Spawn XP
 B = Non-spawn XP
 C = Spawn XP percentage of total XP
 D = Spawn monster count
 E = Non-spawn monster count
 F = Spawn count percentage of total count
 G = Total turns spent on level
                    A         B        C        D         E        F      G
               +---------+---------+-------+---------+---------+-------+---------
         Total |       0 |     119 |   0.0 |       0 |      31 |   0.0 |  1330
               +---------+---------+-------+---------+---------+-------+---------
           D:1 |       0 |      18 |   0.0 |       0 |      10 |   0.0 |   403
           D:2 |       0 |       8 |   0.0 |       0 |       4 |   0.0 |   468
           D:3 |       0 |      48 |   0.0 |       0 |      11 |   0.0 |   306
           D:4 |       0 |      45 |   0.0 |       0 |       6 |   0.0 |   153
               +---------+---------+-------+---------+---------+-------+---------
